 Dungeon Crawl Stone Soup version 0.30-a0-12-gd8047c6341 (webtiles) character file.

Game seed: 4148538998420595443

2758 siradein the Trooper (level 9, -1/72 HPs)
             Began as a Demonspawn Fighter on Aug 24, 2022.
             Was an Initiate of Yredelemnul.
             Slain by a wolf (3 damage)
             ... in a bailey.
             The game lasted 00:19:46 (7341 turns).

siradein the Trooper (Demonspawn Fighter)           Turns: 7341, Time: 00:19:46

Health: -1/72      AC: 16    Str: 18 (20) XL:     9   Next: 41%
Magic:  13/13      EV:  7    Int:  7 (10) God:    Yredelemnul [......]
Gold:   487        SH: 10    Dex: 19      Spells: 8/8 levels left

rFire   . . .      SeeInvis .    a - +0 trident
rCold   . . .      Faith    .    c - +0 buckler
rNeg    . . .      Spirit   .    r - +1 chain mail
rPois   .          Reflect  .    (no helmet)
rElec   .          Harm     .    (no cloak)
rCorr   .          Rampage  .    q - +0 pair of gloves
Will    .....                    (no boots)
Stlth   ..........               A - amulet of regeneration
HPRegen 1.02/turn                h - +4 ring of protection
MPRegen 0.13/turn                J - +6 ring of dexterity

@: no status effects
A: foul stench 1, demonic magic 2, demonic touch 2, large bone plates 1
a: Renounce Religion, Recall Undead Harvest


You were in a bailey.
You worshipped Yredelemnul.
Yredelemnul was noncommittal.
You visited 2 branches of the dungeon, and saw 8 of its levels.
You also visited: Bailey.

You collected 487 gold pieces.

Inventory:

Hand Weapons
 a - a +0 trident (weapon)
Missiles
 f - 6 throwing nets (quivered)
 m - 2 javelins
Armour
 c - a +0 buckler (worn)
 q - a +0 pair of gloves (worn)
 r - a +1 chain mail (worn)
Jewellery
 b - a ring of protection from fire
 h - a +4 ring of protection (left hand)
 A - an amulet of regeneration (around neck)
 F - a ring of resist corrosion
 H - an amulet of the acrobat
 J - a +6 ring of dexterity (right hand)
Wands
 D - a wand of charming (16)
Scrolls
 e - 2 scrolls of blinking
 g - 3 scrolls of teleportation {unknown}
 o - a scroll of poison
 s - 3 scrolls of butterflies {unknown}
 t - a scroll of amnesia {unknown}
 u - 2 scrolls of silence {unknown}
 v - a scroll of vulnerability {unknown}
 y - 2 scrolls of enchant weapon {unknown}
Potions
 d - a potion of might
 j - 3 potions of attraction
 l - 2 potions of mutation
 p - 2 potions of invisibility
 w - a potion of lignification
 x - a potion of haste
 z - 2 potions of curing
 B - a potion of degeneration


   Skills:
 + Level 7.4 Fighting
 + Level 6.4 Polearms
 + Level 6.7 Armour
 - Level 4.0 Shields
 + Level 5.5 Invocations


You had 8 spell levels left.
You didn't know any spells.
Your spell library contained the following spells:

 Spells                   Type           Power      Damage    Failure   Level
 Apportation              Tloc           0%         N/A       100%        1
 Beastly Appendage        Tmut           0%         N/A       100%        1
 Freeze                   Ice            0%         1d3       100%        1
 Necrotise                Necr           0%         1d4       100%        1
 Sandblast                Erth           0%         2d4       100%        1
 Summon Small Mammal      Summ           0%         N/A       100%        1
 Passwall                 Tmut/Erth      0%         N/A       100%        2
 Wereblood                Tmut           0%         N/A       100%        2
 Frozen Ramparts          Ice            0%         1d1       100%        3
 Spider Form              Tmut/Pois      0%         N/A       100%        3
 Stone Arrow              Conj/Erth      0%         3d7       100%        3
 Tukima's Dance           Hex            0%         N/A       100%        3
 Hailstorm                Conj/Ice       0%         3d3       100%        4
 Passage of Golubria      Tloc           0%         N/A       100%        4
 Yara's Violent Unravell  Hex/Tmut       0%         3d3       100%        5


Dungeon Overview and Level Annotations

Branches:
Dungeon (7/15)             Temple (1/1) D:5          Bailey (1/1)

Altars:
Ashenzari
Cheibriados
Dithmenos
Gozag
Hepliaklqana
Kikubaaqudgha
Makhleb
Nemelex Xobeh
Qazlal
Ru
Sif Muna
Vehumet
Wu Jian
Yredelemnul


Innate Abilities, Weirdness & Mutations

You may rarely emit foul miasma when damaged in melee.
Spells you cast may paralyse nearby enemies.
Your touch may inflict irresistible damage on your foes.
You are partially covered in large bone plates. (SH +4)


Message History

The wolf howls!
You block the wolf's attack.
The wolf pauses to sniff the ground.
The wolf bites you but does no damage.
You hit the wolf but do no damage.
The wolf is lightly wounded.
The wolf bites you. You block the wolf's attack.
You hit the wolf but do no damage.
The wolf is lightly wounded.
You block the wolf's attack. The wolf bites you but does no damage.
The wolf barely misses you.
You hit the wolf.
The wolf is moderately wounded.
The wolf bites you.
The wolf bites you but does no damage. x2
The wolf bites you.
You closely miss the wolf.
The wolf is moderately wounded.
The wolf bites you!
* * * LOW HITPOINT WARNING * * *
You emit a cloud of foul miasma!
The wolf bites you but does no damage.
The wolf is engulfed in dark miasma.
The wolf is poisoned.
The wolf seems to slow down.
The wolf bites you but does no damage.
You hit the wolf.
The wolf is moderately wounded.
The wolf bites you!
* * * LOW HITPOINT WARNING * * *
The wolf is engulfed in dark miasma.
The wolf looks even sicker.
The wolf bites you but does no damage.
Unknown command.
You hit the wolf.
The wolf is severely wounded.
The wolf bites you but does no damage. The wolf bites you!
* * * LOW HITPOINT WARNING * * *
You block the wolf's attack.
Unknown command.
You hit the wolf but do no damage.
The wolf is severely wounded.
The wolf bites you.
You die...
Your body rises from the dead as a mindless zombie.

##...## #..≈...♣
#.....######..≈.(.♣♣
.......#...'.....).♣♣♣#
...8..)'...'......∩).∩#
.......#...'.......♣♣♣#
#.....######..≈...♣♣
##...## #..≈.h♣♣ #####
#..≈h§♣ #.g≈h@♣ #.g≈.♣♣
###..≈.♣ #...≈≈♣♣
≈≈≈≈≈≈≈≈≈≈♣♣
♣♣♣♣♣♣♣♣♣♣♣


You could see a gnoll sergeant, 3 wolves and a gnoll.

Vanquished Creatures
  A wyvern (D:6)
  An ice beast (D:6)
  A black bear (D:5)
  2 ogres
  A centaur (D:7)
  3 phantoms
  A bullfrog (D:6)
  3 gnoll sergeants
  2 necrophages
  8 wights (D:7)
  A howler monkey (D:6)
  4 gnoll boudas
  4 hounds
  3 jellies
  29 gnolls
  13 adders
  2 shadow imps (D:5)
  A white imp (D:5)
  2 ufetubi
  3 dart slugs
  6 orcs
  10 ball pythons
  8 bats
  10 endoplasms
  2 giant cockroaches (D:3)
  3 hobgoblins
  A jackal (D:4)
  5 quokkas
  4 frilled lizards
  3 goblins
  9 kobolds
  10 rats
156 creatures vanquished.

Vanquished Creatures (collateral kills)
  An ogre (D:6)
  A bullfrog (D:6)
  A gnoll sergeant (Bailey)
  A jelly (D:6)
  A gnoll (Bailey)
  An adder (D:6)
  A kobold (D:6)
7 creatures vanquished.

Vanquished Creatures (others)
  A wolf (Bailey)
  A wolf zombie (Bailey)
  A centaur zombie (D:7)
  An ogre zombie (D:6)
  A hound zombie (Bailey)
  A howler monkey zombie (D:6)
  An adder zombie (D:6)
  8 gnoll zombies (Bailey)
  4 fungi (D:7)
19 creatures vanquished.

Grand Total: 182 creatures vanquished

Notes
Turn   | Place    | Note
-------+----------+-------------------------------------------
     0 | D:1      | siradein the Demonspawn Fighter began the quest for the
                  | Orb.
     0 | D:1      | Reached XP level 1. HP: 18/18 MP: 1/1
    71 | D:1      | Found a faded altar of an unknown god.
   135 | D:1      | Gained mutation: You may rarely emit foul miasma when
                  | damaged in melee. [demonic ancestry]
   135 | D:1      | Reached XP level 2. HP: 24/24 MP: 2/2
  1019 | D:2      | Gained mutation: Spells you cast may paralyse adjacent
                  | enemies. [demonic ancestry]
  1019 | D:2      | Reached XP level 3. HP: 28/29 MP: 3/3
  1768 | D:2      | Gained mutation: Your touch may inflict minor irresistible
                  | damage on your foes. [demonic ancestry]
  1768 | D:2      | Reached XP level 4. HP: 35/35 MP: 4/4
  2839 | D:3      | Gained mutation: Your touch may inflict irresistible damage
                  | on your foes. [demonic ancestry]
  2839 | D:3      | Reached XP level 5. HP: 42/42 MP: 5/5
  3053 | D:3      | Found a sparkling altar of Nemelex Xobeh.
  3373 | D:4      | Noticed a phantom
  3411 | D:3      | Killed a phantom
  3412 | D:3      | Reached skill level 4 in Fighting
  3515 | D:4      | Gained mutation: Spells you cast may paralyse nearby
                  | enemies. [demonic ancestry]
  3515 | D:4      | Reached XP level 6. HP: 48/48 MP: 6/6
  4158 | D:4      | Reached XP level 7. HP: 36/55 MP: 7/7
  4477 | D:4      | Reached skill level 5 in Fighting
  4778 | D:4      | Gained mutation: You are partially covered in large bone
                  | plates. (SH +4) [potion of mutation]
  4910 | D:5      | Entered Level 5 of the Dungeon
  5128 | D:5      | Reached skill level 5 in Armour
  5201 | D:5      | Reached skill level 5 in Polearms
  5201 | D:5      | Reached XP level 8. HP: 64/64 MP: 8/8
  5210 | D:5      | Found a staircase to the Ecumenical Temple.
  5282 | Temple   | Entered the Ecumenical Temple
  5606 | D:5      | Found a basalt altar of Yredelemnul.
  5616 | D:5      | Became a worshipper of Yredelemnul the Dark
  5672 | D:5      | Found a basalt altar of Yredelemnul.
  5733 | D:5      | Found a staircase to the Ecumenical Temple.
  6124 | D:6      | Reached skill level 6 in Fighting
  6124 | D:6      | Reached skill level 1 in Invocations
  6225 | D:6      | Reached * piety under Yredelemnul
  6521 | D:7      | Reached XP level 9. HP: 61/71 MP: 10/12
  6556 | D:7      | Reached skill level 7 in Fighting
  6638 | D:7      | Found a flagged portal.
  6651 | Bailey   | Entered a bailey
  6673 | Bailey   | Reached skill level 5 in Invocations
  6777 | Bailey   | HP: 1/72 [gnoll sergeant/+0 halberd (13)]
  7340 | Bailey   | HP: 1/72 [wolf (9)]
  7341 | Bailey   | Slain by a wolf

Illustrated notes

Levels and vault maps discovered:
D:1:      saegor_arrival_under_anarchy, layout_loops_ring,
          hellmonk_ecumenical_altar_lost_god
D:2:      layout_basic
D:3:      layout_basic, nemelex_diamond_rough_becter, minmay_misc_feat_cross,
          dk_vineyard_3, minmay_joined_circles
D:4:      layout_gridville, minmay_fractal_squares_5
D:5:      layout_rooms, lemuel_tele_altar, minmay_temple_entry_statues_pillars
D:6:      layout_rooms
D:7:      layout_rooms, mainiacjoe_overflow_alcove_4, fedhas_altar_1,
          enter_bailey_2
Temple:   nicolae_temple_great_sept
Bailey:   bailey_polearm_gnolls_kennysheep, bailey

Skill      XL: |  1  2  3  4  5  6  7  8  9 |
---------------+----------------------------+-----
Polearms       | 2 3 5 6 |  6.4
Shields        | 3 4 |  4.0
Armour         | 3 4 5 6 |  6.7
Fighting       | 4 5 6 7 |  7.4
Invocations    | 4 5 |  5.5

Action                   |  1- 3 |  4- 6 |  7- 9 || total
-------------------------+-------+-------+-------++-------
Melee: Trident           |   159 |   251 |   465 ||   875
Evoke: Wand              |       |       |     4 ||     4
  Use: Scroll            |       |       |     9 ||     9
       Potion            |       |       |    10 ||    10
 Stab: Distracted        |       |       |     1 ||     1
       Held in net/web   |       |       |     1 ||     1
Armor: Scale mail        |    76 |     4 |       ||    80
       Chain mail        |       |   164 |   209 ||   373
Dodge: Dodged            |    59 |    92 |   150 ||   301
Block: Buckler           |    30 |    49 |   263 ||   342

Table legend: (Time is in decaauts)
 A = Elapsed time spent in this place.
 B = Non-inter-level travel time spent in this place.
 C = Inter-level travel time spent in this place.
 D = Time resting spent in this place.
 E = Time spent auto-exploring this place.
 F = Levels seen in this place.
 G = Mean time per level.
                   A        B        C        D        E       F      G
               +--------+--------+--------+--------+--------+-----+--------+
         Total |   7434 |   7211 |    223 |    423 |   4824 |   9 |  826.0 |
       Dungeon |   6662 |   6439 |    223 |    258 |   4596 |   7 |  951.7 |
        Temple |     96 |     96 |      0 |      0 |     60 |   1 |   96.0 |
        Bailey |    675 |    675 |      0 |    165 |    168 |   1 |  675.0 |
               +--------+--------+--------+--------+--------+-----+--------+

Top non-repeatable levels by time:
     D:4: 1552 daAuts
     D:2: 1236 daAuts
     D:3: 1184 daAuts
     D:5: 1100 daAuts
     D:1: 1025 daAuts
  Bailey: 675 daAuts
     D:6: 389 daAuts
     D:7: 173 daAuts
  Temple: 96 daAuts
